 Dungeon Crawl Stone Soup version 0.32-a0-899-geb5ba95c15 (webtiles) character file.

Game seed: 15678532391886407078

3079 ElPadre the Cudgeller (level 9, -5/78 HPs)
             Began as a Pale Draconian Berserker on Apr 5, 2024.
             Was a Priest of Trog.
             Slain by a gnoll
             ... wielding a +0 halberd
             ... led by a gnoll bouda
              (13 damage)
             ... on level 9 of the Dungeon.
             The game lasted 00:30:30 (5648 turns).

ElPadre the Cudgeller (Pale Draconian Berserker)    Turns: 5648, Time: 00:30:31

Health: -5/78      AC:  8    Str: 29    XL:     9   Next: 58%
Magic:  8/8        EV: 11    Int:  9    God:    Trog [***...]
Gold:   352        SH: 13    Dex:  8    Spells: 8/8 levels left

rFire   . . .        x - +2 mace (holy)
rCold   . . .        s - +0 kite shield
rNeg    . . .        (body armour unavailable)
rPois   .            (helmet restricted)
rElec   .            (no cloak)
rCorr   .            h - +0 pair of gloves
SInv    .            (no boots)
Will    .....        A - amulet of reflection
Stlth   ++           e - +6 ring of strength
HPRegen 0.33/turn    o - ring of flight
MPRegen 0.11/turn

%: reflection
@: weakened, on berserk cooldown, flying, slowed, very slow
A: steam breath, AC +7, unfitting armour, cold-blooded, steam resistance, clumsy
1, low MP 1, no potion heal 1
a: Steam Breath, Renounce Religion, Berserk, Trog's Hand


You were on level 9 of the Dungeon.
You worshipped Trog.
Trog was most pleased with you.
You visited 2 branches of the dungeon, and saw 10 of its levels.

You collected 352 gold pieces.

Inventory:

Hand Weapons
 a - a +0 mace
 t - a +2 hand axe of distortion
 x - a +2 mace of holy wrath (weapon)
 C - a +3 halberd
 D - a +3 trident
Armour
 d - a +0 chain mail
 h - a +0 pair of gloves (worn)
 s - a +0 kite shield (worn)
Jewellery
 e - a +6 ring of strength (left hand)
 g - a +6 ring of intelligence
 j - a ring of protection from cold
 o - a ring of flight (right hand)
 p - a ring of poison resistance
 v - a ring of fire
 w - a ring of magical power
 A - an amulet of reflection (around neck)
 B - an amulet of reflection
Talismans
 l - a beast talisman
Scrolls
 b - 3 scrolls of noise {unknown}
 c - 2 scrolls of teleportation {unknown}
 i - a scroll of fog {unknown}
 m - 2 scrolls of identify {unknown}
 q - a scroll of immolation {unknown}
 y - a scroll of poison {unknown}
Potions
 f - a potion of enlightenment {unknown}
 k - 2 potions of mutation {unknown}
 n - a potion of magic {unknown}
 r - 2 potions of curing {unknown}
 u - a potion of might {unknown}
 z - a potion of haste {unknown}
 E - a potion of attraction {unknown}


   Skills:
 + Level 6.4 Fighting
 + Level 3.6(6.0) Axes
 + Level 7.6(8.0) Maces & Flails
 + Level 5.7 Dodging
 + Level 2.0 Stealth
 + Level 6.1 Shields
 + Level 3.3 Shapeshifting


You had 8 spell levels left.
You didn't know any spells.
Your spell library was empty.

Dungeon Overview and Level Annotations

Branches:
Dungeon (9/15)             Temple (1/1) D:7
   Lair: D:8-11         Orc: D:9-12

Altars:
Ashenzari
Cheibriados
Dithmenos
Elyvilon
Fedhas
Hepliaklqana
Kikubaaqudgha
Makhleb
Nemelex Xobeh
Okawaru
Qazlal
Ru
Sif Muna
Trog
Uskayaw
Vehumet
Wu Jian
Yredelemnul
Zin
The Shining One

Shops:
D:3 [   D:4 ?   D:5 *:

Annotations:
Abyss:1 Dowan, Menkaure


Innate Abilities, Weirdness & Mutations

You can breathe blasts of scalding, opaque steam.
Your pale cyan-grey scales are hard. (AC +7)
You cannot fit into any form of body armour.
You are cold-blooded and may be slowed by cold attacks.
You are immune to the effects of steam.
You are clumsy. (Dex -2)
Your magical capacity is low. (-10% MP)
Potions are less effective at restoring your health.


Message History

The gnoll hits you with a +0 spear. You block the gnoll's attack.
You sock the gnoll!
You kill the gnoll!
Trog accepts your kill. You block the gnoll's attack.
The gnoll bouda gazes fiercely through you!
You feel your attacks grow feeble. You block the gnoll bouda's attack.
You block the gnoll's attack. The gnoll hits you with a +0 halberd.
The gnoll bouda misses you. The gnoll hits you with a +0 whip.
* * * LOW HITPOINT WARNING * * *
You hit the gnoll.
The gnoll is lightly wounded.
You block the gnoll's attack. The gnoll bouda closely misses you.
You block the gnoll's attack. x2
The gnoll bouda hits you with a +0 whip!
* * * LOW HITPOINT WARNING * * *
You sock the gnoll!
Your tail-slap misses the gnoll.
The gnoll is severely wounded.
You block the gnoll's attack. x2; The gnoll bouda closely misses you.
The gnoll hits you with a +0 whip.
* * * LOW HITPOINT WARNING * * *
You sock the gnoll!
You kill the gnoll!
Trog accepts your kill. You block the gnoll's attack.
The gnoll bouda gazes fiercely through you!
You feel as though you will be weak longer.
You block the gnoll bouda's attack. You block the gnoll's attack.
The gnoll bouda hits you with a +0 whip.
* * * LOW HITPOINT WARNING * * *
You barely miss the gnoll. The gnoll barely misses you.
The gnoll bouda hits you with a +0 whip.
* * * LOW HITPOINT WARNING * * *
You block the gnoll's attack.
The gnoll bouda utters an invocation to its god.
The gnoll bouda is healed somewhat.
You barely miss the gnoll.
The gnoll is no longer moving quickly.
The gnoll hits you with a +0 halberd!
You die...

#....+ #....# #....#
+...[# #....# #....#
#.... #....# #...#
#..g.# . #...# #.)@)# ..
.... #...g# #. #...
#####....# #.. #..#
#.......)# #...##..#
#......).+ #........
#........# ######..#
#........#######...##..#
#........#.............#
#........#.............'


You could see a gnoll bouda and a gnoll.

Vanquished Creatures
  Joseph (D:8)
  A troll (D:9)
  Grinder (D:6)
  Duvessa (D:4)
  A black bear (D:6)
  2 sky beasts (D:7)
  2 ogres
  A centaur (D:9)
  2 phantoms
  A scorpion (D:4)
  A bullfrog (D:9)
  A gnoll sergeant (D:6)
  4 wights (D:6)
  5 killer bees (D:6)
  A howler monkey (D:4)
  3 bombardier beetles
  3 orc priests (D:6)
  3 hounds
  7 orc wizards
  A sleepcap (D:7)
  3 iguanas
  5 adders
  8 gnolls
  A shadow imp (D:6)
  A white imp (D:5)
  3 dart slugs
  A ribbon worm (D:4)
  24 orcs
  3 ball pythons
  4 endoplasms
  2 giant cockroaches
  4 goblins
  4 hobgoblins
  3 jackals (D:4)
  3 quokkas
  6 bats
  A frilled lizard (D:1)
  6 kobolds
  8 rats
132 creatures vanquished.

Vanquished Creatures (others)
  An orc wizard (D:8)
1 creature vanquished.

Grand Total: 133 creatures vanquished

Notes
Turn   | Place    | Note
-------+----------+-------------------------------------------
     0 | D:1      | ElPadre the Draconian Berserker began the quest for the
                  | Orb.
     0 | D:1      | Reached XP level 1. HP: 19/19 MP: 1/1
   219 | D:1      | Reached XP level 2. HP: 25/26 MP: 2/2
  1140 | D:2      | Reached XP level 3. HP: 33/33 MP: 3/3
  1221 | D:2      | Found an ancient bone altar of Kikubaaqudgha.
  1291 | D:2      | Reached skill level 4 in Maces & Flails
  1291 | D:2      | Reached XP level 4. HP: 40/40 MP: 4/4
  1690 | D:3      | Reached ** piety under Trog
  1811 | D:3      | Found Vuduenoe's Antique Armour Shoppe.
  2175 | D:4      | Reached XP level 5. HP: 46/46 MP: 5/5
  2187 | D:4      | Found Usmuroiss's Magic Scroll Emporium.
  2271 | D:4      | Reached skill level 1 in Shields
  2306 | D:4      | Reached skill level 1 in Shapeshifting
  2363 | D:4      | Noticed Menkaure
  2366 | D:4      | Reached XP level 6. HP: 50/52 MP: 6/6
  2368 | D:4      | Banished Menkaure
  2369 | D:4      | Reached skill level 1 in Axes
  2390 | D:4      | Noticed Dowan
  2390 | D:4      | Noticed Duvessa
  2395 | D:4      | Banished Dowan
  2404 | D:4      | Killed Duvessa
  2405 | D:4      | Reached skill level 5 in Maces & Flails
  2405 | D:4      | Your scales start taking on a pale cyan-grey colour.
  2405 | D:4      | Reached XP level 7. HP: 60/60 MP: 7/7
  2405 | D:4      | Gained mutation: You are immune to the effects of steam.
                  | [Pale Draconian growth]
  2412 | D:4      | Gained mutation: Potions are less effective at restoring
                  | your health. [mutagenic glow]
  2426 | D:4      | Gained mutation: Your magical capacity is low. (-10% MP)
                  | [mutagenic glow]
  2442 | D:4      | Gained mutation: You are clumsy. (Dex -2) [mutagenic glow]
  2447 | D:4      | Found a glowing golden altar of the Shining One.
  2640 | D:5      | Entered Level 5 of the Dungeon
  2742 | D:5      | Found Zin's Purification Station.
  2745 | D:5      | Found a glowing silver altar of Zin.
  3244 | D:5      | Found Lops's Book Shoppe.
  3599 | D:6      | Reached skill level 5 in Fighting
  3599 | D:6      | Reached XP level 8. HP: 68/68 MP: 7/7
  3611 | D:6      | Noticed Grinder
  3616 | D:6      | Paralysed by Grinder for 3 turns
  3621 | D:6      | Killed Grinder
  3622 | D:6      | Reached skill level 6 in Maces & Flails
  3642 | D:6      | Found a broken altar of Ashenzari.
  3729 | D:6      | Reached *** piety under Trog
  4109 | D:6      | Found a sparkling altar of Nemelex Xobeh.
  4144 | D:6      | Reached skill level 1 in Stealth
  4287 | D:6      | Reached XP level 9. HP: 55/75 MP: 8/8
  4334 | D:6      | Reached skill level 5 in Dodging
  4636 | D:7      | Reached skill level 7 in Maces & Flails
  4636 | D:7      | Reached skill level 5 in Shields
  4875 | D:7      | Found a staircase to the Ecumenical Temple.
  4909 | Temple   | Entered the Ecumenical Temple
  5254 | D:8      | Noticed Joseph
  5276 | D:8      | Killed Joseph
  5381 | D:8      | Found a shimmering blue altar of Sif Muna.
  5496 | D:9      | Noticed a troll
  5518 | D:9      | Killed a troll
  5648 | D:9      | Slain by a gnoll

Illustrated notes

Levels and vault maps discovered:
D:1:      psy_arrival_terrarium, layout_basic
D:2:      layout_basic, basic_altar
D:3:      layout_loops_ring, serial_shops, nicolae_shop_window_shopping,
          minmay_misc_feat_cross, nicolae_houndstooth_variations
D:4:      layout_cave_pools, kennysheep_mini, serial_shops, shop, uniq_menkaure,
          uniq_duvessa
D:5:      layout_layer_cave, zin_purify, serial_co_window_serial,
          co_window_paths_b, co_window_paths_a, co_window_paths_a,
          co_window_corner_a, co_window_paths_a, co_window_corner_b,
          co_window_unsneaky_path_d, co_window_broadway_c, co_window_sun,
          co_window_paths_e, glass_columns_a, glass_columns_c, glass_columns_a,
          glass_columns_a, glass_columns_a, serial_shops, shop
D:6:      layout_loops_ring, old_standard_altar, nemelex_diamond_rough_becter,
          nicolae_eternal_life, uniq_grinder
D:7:      layout_loops_ring, temple_fountains
D:8:      layout_loops_corners, led_xom_imps, led_sif_book, uniq_pikel,
          uniq_maurice, uniq_joseph, uniq_prince_ribbit1, uniq_psyche
D:9:      layout_gridville, grunt_gozag_breadcrumbs, enter_bailey_3
Temple:   nicolae_temple_superstar

Skill      XL: |  1  2  3  4  5  6  7  8  9 |
---------------+----------------------------+-----
Dodging        | 3 4 5 |  5.7
Maces & Flails | 4 5 6 7 |  7.6
Fighting       | 4 5 6 |  6.4
Shields        | 1 2 4 6 |  6.1
Shapeshifting  | 1 2 3 |  3.3
Axes           | 2 3 |  3.6
Stealth        | 1 2 |  2.0

Action                     |  1- 3 |  4- 6 |  7- 9 || total
---------------------------+-------+-------+-------++-------
  Melee: Mace              |    75 |    57 |   240 ||   372
         Tailslap          |     7 |     9 |    32 ||    48
         Hand axe          |       |    37 |       ||    37
 Invoke: Berserk           |     1 |     1 |     7 ||     9
         Trog's Hand       |       |     1 |       ||     1
Ability: Steam Breath      |       |       |     7 ||     7
 Armour: Skin              |    77 |    56 |   147 ||   280
  Dodge: Dodged            |    72 |    56 |   128 ||   256
  Block: Kite shield       |       |    33 |   198 ||   231
         Reflection        |       |       |     4 ||     4
   Form: Beast             |       |     1 |       ||     1
                           |       |       |     1 ||     1

Table legend: (Time is in decaauts)
 A = Elapsed time spent in this place.
 B = Non-inter-level travel time spent in this place.
 C = Inter-level travel time spent in this place.
 D = Time resting spent in this place.
 E = Time spent auto-exploring this place.
 F = Levels seen in this place.
 G = Mean time per level.
                   A        B        C        D        E       F      G
               +--------+--------+--------+--------+--------+-----+--------+
         Total |   5807 |   5695 |    112 |      0 |      0 |  10 |  580.7 |
       Dungeon |   5723 |   5611 |    112 |      0 |      0 |   9 |  635.9 |
        Temple |     83 |     83 |      0 |      0 |      0 |   1 |   83.0 |
               +--------+--------+--------+--------+--------+-----+--------+

Top non-repeatable levels by time:
     D:6: 1037 daAuts
     D:5: 950 daAuts
     D:1: 862 daAuts
     D:2: 760 daAuts
     D:7: 599 daAuts
     D:3: 582 daAuts
     D:4: 509 daAuts
     D:8: 252 daAuts
     D:9: 169 daAuts
  Temple: 83 daAuts
